 Dungeon Crawl Stone Soup version 0.21-a0-352-g5b8f553 (webtiles) character file.

179 Ordine the Cudgeler (level 5, -5/32 HPs)
             Began as a Gargoyle Fighter on Oct 10, 2017.
             Killed by divine providence
             ... invoked by an orc priest
              (13 damage)
             ... on level 3 of the Dungeon.
             The game lasted 00:04:46 (2295 turns).

Ordine the Cudgeler (Gargoyle Fighter)              Turns: 2295, Time: 00:04:47

Health: -5/32      AC: 10    Str: 19    XL:     5   Next: 59%
Magic:  5/5        EV:  7    Int: 12    God:
Gold:   158        SH: 10    Dex: 10    Spells: 4/4 levels left

rFire    . . .     SeeInvis .   a - +0 flail
rCold    . . .     Gourm    .   c - +1 shield
rNeg     + . .     Faith    .   b - +0 scale mail
rPois    ∞         Spirit   .   (no helmet)
rElec    +         Reflect  .   (no cloak)
rCorr    .         Harm     .   (no gloves)
MR       .....                  (no boots)
Stlth    ..........             (no amulet)
HPRegen  0.10/turn              i - +3 ring of intelligence
MPRegen  0.09/turn              k - ring of flight (curse)

@: no status effects
A: negative energy resistance 1, electricity resistance, unbreathing,
petrification resistance, rot immunity, AC +4
a: Evoke Flight


You were on level 3 of the Dungeon.
You were not hungry.

You visited 1 branch of the dungeon, and saw 3 of its levels.

You collected 158 gold pieces.

Inventory:

Hand Weapons
 a - a +0 flail (weapon)
Armour
 b - a +0 scale mail (worn)
 c - a +1 shield (worn)
Jewellery
 i - a +3 ring of intelligence (left hand)
 k - a cursed ring of flight (right hand)
Scrolls
 e - a scroll of enchant armour
 g - a scroll of fear {unknown}
 h - a scroll of amnesia
 j - a scroll of recharging {unknown}
 o - 3 scrolls of identify {unknown}
 p - 2 scrolls of teleportation
Comestibles
 d - 4 chunks of flesh
 f - 6 bread rations
 l - a meat ration
 r - 2 fruits


   Skills:
 - Level 3.3 Fighting
 * Level 4.7 Maces & Flails
 - Level 3.2 Armour
 + Level 4.6 Shields


You had 4 spell levels left.
You didn't know any spells.

Dungeon Overview and Level Annotations

Branches:
Dungeon (3/15)

Altars:


Innate Abilities, Weirdness & Mutations

You are resistant to torment.
Your stone body is resilient. (AC +4)
You are immune to poison.
You resist negative energy. (rN+)
You are resistant to electric shocks. (rElec)
You can survive without breathing.
You are immune to petrification.
You are immune to rotting.


Message History

Pain shoots through your body!
* * * LOW HITPOINT WARNING * * *
The orc closely misses you. You block the orc priest's attack.
You hit the orc priest.
The orc priest is heavily wounded.
You block the orc's attack.
The orc priest casts a cantrip, but nothing happens.
The orc hits you but does no damage.
You completely miss the orc priest.
The orc priest is heavily wounded.
The orc priest hits you but does no damage.
The orc barely misses you.
You barely miss the orc priest.
The orc priest is heavily wounded.
You block the orc priest's attack. You block the orc's attack.
Your shield and scale mail prevent you from hitting the orc priest.
The orc priest is heavily wounded.
The orc priest calls down the wrath of Beogh upon you.
Beogh smites you!
You die...

#. #.# #.#
#####.##### #.
##.........##...
#....... .......
#..###o##...#
#...#..@oo#
#..#..##o..# #.....#
#.## #..###.....#
#.## #.#..# #.# ....#
#########.## #.##.#
...........###.###.#
############.........


You could see an orc priest and 3 orcs.

Vanquished Creatures
  2 orc wizards (D:3)
  4 adders
  An ooze (D:1)
  3 worms (D:2)
  4 dart slugs
  3 leopard geckos
  5 orcs (D:3)
  5 bats
  A giant cockroach (D:1)
  2 goblins
  2 hobgoblins
  2 jackals (D:1)
  A quokka (D:3)
  3 ball pythons
  2 frilled lizards
  13 kobolds
  7 rats
60 creatures vanquished.

Vanquished Creatures (others)
  4 toadstools (D:1)
4 creatures vanquished.

Grand Total: 64 creatures vanquished

Notes
Turn   | Place    | Note
-------+----------+-------------------------------------------
     0 | D:1      | Ordine the Gargoyle Fighter began the quest for the Orb.
     0 | D:1      | Reached XP level 1. HP: 14/14 MP: 1/1
   239 | D:1      | Reached XP level 2. HP: 18/19 MP: 2/2
   543 | D:1      | Reached XP level 3. HP: 20/23 MP: 3/3
  1304 | D:2      | Reached XP level 4. HP: 26/28 MP: 4/4
  1757 | D:3      | Reached XP level 5. HP: 20/32 MP: 5/5
  2295 | D:3      | Killed from afar by an orc priest

Vault maps used:
D:1:      ldierk_walled_garden_2
D:2:      minmay_small_reverse_x
D:3:      minitemple, first_bread

Skill      XL: |  1  2  3  4 |
---------------+-------------+-----
Maces & Flails | 3 4 |  4.7
Shields        | 4 |  4.6
Fighting       | |  3.3
Armour         | |  3.2

Action                   |  1- 3 |  4- 6 || total
-------------------------+-------+-------++-------
Melee: Flail             |   155 |   157 ||   312
  Use: Scroll            |     3 |       ||     3
       Potion            |       |     5 ||     5
  Eat: Chunk             |     1 |     4 ||     5
Armor: Scale mail        |    89 |    73 ||   162
Dodge: Dodged            |    54 |    27 ||    81
Block: Shield            |   104 |    93 ||   197

Table legend:
 A = Spawn XP
 B = Non-spawn XP
 C = Spawn XP percentage of total XP
 D = Spawn monster count
 E = Non-spawn monster count
 F = Spawn count percentage of total count
 G = Total turns spent on level
                    A         B        C        D         E        F      G
               +---------+---------+-------+---------+---------+-------+---------
         Total |       0 |     256 |   0.0 |       0 |      60 |   0.0 |  2295
               +---------+---------+-------+---------+---------+-------+---------
           D:1 |       0 |      38 |   0.0 |       0 |      22 |   0.0 |   636
           D:2 |       0 |      60 |   0.0 |       0 |      19 |   0.0 |  1044
           D:3 |       0 |     158 |   0.0 |       0 |      19 |   0.0 |   615
               +---------+---------+-------+---------+---------+-------+---------
